 Dungeon Crawl Stone Soup version 0.20.1-1-g8b1a95d (webtiles) character file.

1353 McKennaii the Thaumaturge (level 8, -2/42 HPs)
             Began as a Deep Elf Conjurer on July 31, 2017.
             Shot with an arrow by a centaur (12 damage)
             ... on level 6 of the Dungeon.
             The game lasted 00:12:02 (5834 turns).

McKennaii the Thaumaturge (Deep Elf Conjurer)       Turns: 5834, Time: 00:12:02

Health: -2/42      AC:  5    Str:  5    XL:     8   Next: 37%
Magic:  23/32      EV: 14    Int: 23    God:
Gold:   244        SH:  0    Dex: 15    Spells: 20/25 levels left

rFire    . . .     SeeInvis .   (no weapon)
rCold    . . .     Gourm    .   (no shield)
rNeg     . . .     Faith    .   a - +0 robe
rPois    .         Spirit   .   (no helmet)
rElec    .         Reflect  .   (no cloak)
rCorr    .         Harm     .   l - +2 pair of gloves
MR       .....                  (no boots)
Stlth    ++........             (no amulet)
Regen    0.2/turn               y - ring of magical power
MPRegen  0.3/turn               A - ring of wizardry

@: no status effects
A: no striking features
a: no special abilities


You were on level 6 of the Dungeon.
You were near starving.

You visited 2 branches of the dungeon, and saw 7 of its levels.

You collected 340 gold pieces.
You spent 96 gold pieces at shops.

Inventory:

Armour
 a - a +0 robe (worn)
 l - a +2 pair of gloves (worn)
Jewellery
 y - a ring of magical power (left hand)
 A - a ring of wizardry (right hand)
Wands
 w - a wand of acid (8/15)
Scrolls
 d - 2 scrolls of magic mapping {unknown}
 e - 4 scrolls of teleportation
 f - 5 scrolls of identify
 i - a scroll of recharging {unknown}
 n - 3 scrolls of enchant weapon {unknown}
 q - a scroll of immolation {unknown}
 u - 5 scrolls of remove curse {unknown}
 x - a scroll of vulnerability {unknown}
 B - 2 scrolls of enchant armour {unknown}
 C - a scroll of amnesia {unknown}
Potions
 g - a potion of degeneration {unknown}
 k - 2 potions of lignification {unknown}
 m - 3 potions of might {unknown}
 p - 4 potions of curing
 r - 2 potions of invisibility {unknown}
 s - a potion of mutation {unknown}
 t - a potion of magic {unknown}
 v - a potion of haste {unknown}
 z - a potion of agility {unknown}
Books
 b - a book of Conjurations

   Spells                             Type                      Level
   a - Magic Dart                     Conjuration                  1
   b - Searing Ray                    Conjuration                  2
   c - Dazzling Spray                 Conjuration/Hexes            3
   d - Fulminant Prism                Conjuration/Hexes            4
   e - Force Lance                    Conjuration/Translocation    4
   f - Iskenderun's Mystic Blast      Conjuration                  4
Comestibles
 c - 3 bread rations
 h - a fruit
 j - 5 royal jellies
 o - 2 meat rations


   Skills:
 + Level 0.7 Fighting
 + Level 4.3 Dodging
 + Level 2.8 Stealth
 + Level 9.0 Spellcasting
 + Level 9.0 Conjurations


You had 20 spell levels left.
You knew the following spells:

 Your Spells              Type           Power        Failure   Level  Hunger
a - Magic Dart            Conj           ####         1%          1    None
b - Iskenderun's Mystic   Conj           ######..     1%          4    ##.....


Dungeon Overview and Level Annotations

Branches:
Dungeon (6/15)             Temple (1/1) D:5

Altars:
Ashenzari
Cheibriados
Dithmenos
Elyvilon
Fedhas
Gozag
Hepliaklqana
Kikubaaqudgha
Makhleb
Nemelex Xobeh
Okawaru
Qazlal
Ru
Sif Muna
Trog
Uskayaw
Yredelemnul
Zin
The Shining One

Shops:
D:4 *

Annotations:
D:4 exclusion: oklob plant


Message History

Press: ? - help, Shift-Dir - straight line, f/p - centaur
Aim: a centaur, wielding a shortbow and wearing a golden ring (moderately wounded)
The magic dart hits the centaur.
The centaur is heavily wounded.
The centaur shoots an arrow.
The arrow misses you.
The centaur shoots an arrow.
The arrow hits you!
* * * LOW HITPOINT WARNING * * *
You see here an arrow.
It was a potion of curing.
You feel better.
Casting: Magic Dart
Confirm with . or Enter, or press ? or * to list all spells.
Aiming: Iskenderun's Mystic Blast
Press: ? - help, Shift-Dir - straight line, f/p - centaur
Aim: a centaur, wielding a shortbow and wearing a golden ring (heavily wounded)
The orb of energy hits the worker ant.
You kill the worker ant!
The centaur shoots an arrow.
The arrow hits you.
* * * LOW HITPOINT WARNING * * *
The centaur shoots an arrow.
The arrow hits you!
You die...

..........#.#.# #.#####
########..#.#.####.#...##########
................ ................
########..#.#.## #.#......##.....
#####.....#.#.####.#......##.....
..........................'......
#####.##...c..####.####...##.....
###.##....)†####.# #...##.....
..#.##.......(@..# #...##..... #
#.#.##......(##### #...##.....
#.#.#.##.##.#..# #...##.....
#.#.#.# .##.#..# #...##.....
#.....## #... #...##.....
.##....#### #.## #...##.....
..............# #...##.....
.....#.#####..# #...##.....
.....#......(.## ###########


You could see a centaur.

Vanquished Creatures
  Sigmund (D:3)
  A black bear (D:6)
  An ogre (D:5)
  2 bullfrogs (D:6)
  2 scorpions
  2 wights (D:6)
  2 crimson imps
  A quasit (D:6)
  A centaur zombie (D:5)
  2 hounds
  An orc priest (D:5)
  2 centaur skeletons
  2 orc wizards (D:5)
  An iguana (D:4)
  5 worker ants
  10 adders
  3 gnolls (D:3)
  A shadow imp (D:5)
  3 worms
  An adder skeleton (D:4)
  2 dart slugs (D:1)
  4 leopard geckos
  16 orcs
  5 bats
  3 giant cockroaches
  10 goblins
  7 hobgoblins
  10 jackals
  2 quokkas (D:2)
  A ball python (D:1)
  8 frilled lizards
  A giant cockroach zombie (D:5)
  A jackal skeleton (D:5)
  10 kobolds
  2 leopard gecko skeletons
  A leopard gecko zombie (D:5)
  5 rats
132 creatures vanquished.

Vanquished Creatures (others)
  2 wights (D:6)
  A leopard gecko (D:6)
  18 toadstools (D:4)
21 creatures vanquished.

Grand Total: 153 creatures vanquished

Notes
Turn   | Place    | Note
-------+----------+-------------------------------------------
     0 | D:1      | McKennaii the Deep Elf Conjurer began the quest for the Orb.
     0 | D:1      | Reached XP level 1. HP: 10/10 MP: 6/6
   135 | D:1      | Reached XP level 2. HP: 7/15 MP: 1/8
   294 | D:1      | Reached skill level 5 in Conjurations
   763 | D:1      | Reached XP level 3. HP: 19/19 MP: 7/9
  1537 | D:2      | Reached XP level 4. HP: 24/24 MP: 8/11
  1560 | D:2      | Found a glowing golden altar of the Shining One.
  1774 | D:2      | Learned a level 4 spell: Iskenderun's Mystic Blast
  2205 | D:3      | Reached XP level 5. HP: 27/28 MP: 4/13
  2397 | D:3      | Reached skill level 5 in Spellcasting
  3083 | D:3      | Noticed Sigmund
  3095 | D:3      | Killed Sigmund
  3095 | D:3      | Reached XP level 6. HP: 16/33 MP: 0/16
  3286 | D:4      | Found Ziurhiwu's Assorted Antiques.
  3424 | D:4      | Bought a scroll labeled AGHINL SEMA for 20 gold pieces
  3424 | D:4      | Bought a scroll labeled NUOQAZ UCUSIPRYU for 20 gold pieces
  3424 | D:4      | Bought a scroll labeled SIHUOPL IGAM for 20 gold pieces
  3424 | D:4      | Bought a glowing puce potion for 18 gold pieces
  3424 | D:4      | Bought a bubbling golden potion for 18 gold pieces
  3939 | D:4      | Reached XP level 7. HP: 37/37 MP: 18/18
  4021 | D:4      | Found a blossoming altar of Fedhas.
  4035 | D:4      | Noticed an oklob plant
  4167 | D:5      | Entered Level 5 of the Dungeon
  4501 | D:5      | Found a stormy altar of Qazlal.
  4679 | D:5      | Found a staircase to the Ecumenical Temple.
  4719 | Temple   | Entered the Ecumenical Temple
  4954 | D:5      | Found a hazy altar of Hepliaklqana.
  5156 | D:6      | Found an iron altar of Okawaru.
  5156 | D:6      | Found a deep blue altar of Sif Muna.
  5290 | D:6      | Reached XP level 8. HP: 42/42 MP: 22/22
  5834 | D:6      | Shot with an arrow by a centaur

Skill      XL: |  1  2  3  4  5  6  7  8 |
---------------+-------------------------+-----
Conjurations   | 5 6 7 8 9 |  9.0
Dodging        | 3 4 |  4.3
Spellcasting   | 4 5 6 8 9 |  9.0
Fighting       | |  0.7
Stealth        | |  2.8

Action                   |  1- 3 |  4- 6 |  7- 9 || total
-------------------------+-------+-------+-------++-------
Melee: Unarmed           |    21 |     4 |     3 ||    28
 Cast: Magic Dart        |    81 |   143 |   111 ||   335
       Iskenderun's Myst |       |     4 |    30 ||    34
  Use: Scroll            |       |     2 |       ||     2
       Potion            |       |       |     1 ||     1
  Eat: Chunk             |     1 |     3 |     6 ||    10
       Meat ration       |       |     1 |       ||     1
       Fruit             |       |       |     1 ||     1
Armor: Robe              |     9 |     8 |     7 ||    24
Dodge: Dodged            |    23 |    14 |    23 ||    60
